 Dungeon Crawl Stone Soup version 0.24-a0-618-ge4662a2d14 (webtiles) character file.

Game seed: 6064508695206318011, levelgen mode: deterministic

102 Mame the Chopper (level 4, -1/41 HPs)
             Began as a Hill Orc Monk on Sept 16, 2019.
             Slain by Crazy Yiuf
             ... wielding a +4 quarterstaff of chaos
              (4 damage)
             ... on level 2 of the Dungeon.
             The game lasted 00:06:31 (2175 turns).

Mame the Chopper (Hill Orc Monk)                    Turns: 2175, Time: 00:06:32

Health: -1/41      AC:  3    Str: 14    XL:     4   Next: 77%
Magic:  4/4        EV: 13    Int: 10    God:
Gold:   109        SH:  0    Dex: 13    Spells: 3/3 levels left

rFire    . . .     SeeInvis .   a - +0 hand axe
rCold    . . .     Gourm    .   (no shield)
rNeg     . . .     Faith    .   b - +0 robe
rPois    .         Spirit   .   m - +0 helmet
rElec    .         Reflect  .   (no cloak)
rCorr    .         Harm     .   (no gloves)
MR       .....                  (no boots)
Stlth    ++........             (no amulet)
HPRegen  0.13/turn              (no ring)
MPRegen  0.09/turn              (no ring)

@: lethally poisoned (-1 -> -9)
A: no striking features
a: no special abilities


You were on level 2 of the Dungeon.
You were not hungry.

You visited 1 branch of the dungeon, and saw 2 of its levels.

You collected 109 gold pieces.

Inventory:

Hand Weapons
 a - a +0 hand axe (weapon)
 d - a +2 trident of venom
Missiles
 j - 37 stones (quivered)
Armour
 b - a +0 robe (worn)
 k - a +0 scale mail
 l - a cursed -1 leather armour
 m - a +0 helmet (worn)
Jewellery
 g - an uncursed amulet of the gourmand {unknown}
Scrolls
 e - 3 scrolls of identify
 f - 2 scrolls of amnesia
 h - a scroll of noise {unknown}
 n - a scroll of magic mapping
 o - a scroll of fog {unknown}
Potions
 i - 3 potions of lignification


   Skills:
 + Level 4.7 Fighting
 + Level 5.2 Axes
 + Level 2.2 Armour
 - Level 2.5 Dodging
 - Level 1.5 Stealth


You had 3 spell levels left.
You didn't know any spells.
Your spell library was empty.

Dungeon Overview and Level Annotations

Branches:
Dungeon (2/15)

Altars:

Annotations:
D:2 Crazy Yiuf


Message History

* * * LOW HITPOINT WARNING * * *
Crazy Yiuf burns you.
* * * LOW HITPOINT WARNING * * *
Okay, then.
You closely miss Crazy Yiuf.
Crazy Yiuf is moderately wounded.
* * * LOW HITPOINT WARNING * * *
You feel sick. Crazy Yiuf barely misses you.
You hit Crazy Yiuf.
Crazy Yiuf is heavily wounded.
* * * LOW HITPOINT WARNING * * *
You feel sick. Crazy Yiuf misses you.
You hit Crazy Yiuf but do no damage.
Crazy Yiuf is heavily wounded.
* * * LOW HITPOINT WARNING * * *
You feel sick. Crazy Yiuf closely misses you.
You hit Crazy Yiuf.
Crazy Yiuf is almost dead.
Crazy Yiuf hits you with a +4 quarterstaff of chaos.
You die...

#....###
#....#
#....#
##..)# ##.##
############
##)#
#.........>.
#)##
###########.
##.# #. #@##
#. *#g#* #.
*..)* #.
#...# #.
#)..# #.
##### ##


You could see Crazy Yiuf.

Vanquished Creatures
  Robin (D:1)
  2 adders (D:2)
  2 oozes (D:1)
  A worm (D:1)
  A dart slug (D:2)
  A leopard gecko (D:2)
  4 bats
  5 giant cockroaches
  14 goblins
  6 hobgoblins (D:1)
  4 jackals (D:2)
  A kobold (D:1)
  A ball python (D:1)
  4 frilled lizards
  4 rats
51 creatures vanquished.

Notes
Turn   | Place    | Note
-------+----------+-------------------------------------------
     0 | D:1      | Mame the Hill Orc Monk began the quest for the Orb.
     0 | D:1      | Reached XP level 1. HP: 19/19 MP: 1/1
    16 | D:1      | Reached XP level 2. HP: 15/27 MP: 2/2
   287 | D:1      | Reached skill level 1 in Armour
   404 | D:1      | Reached XP level 3. HP: 33/33 MP: 3/3
   722 | D:2      | Noticed Robin
   862 | D:1      | Killed Robin
   862 | D:1      | Reached XP level 4. HP: 20/41 MP: 4/4
  1095 | D:2      | Reached skill level 5 in Axes
  1490 | D:2      | Found a runed translucent door.
  1491 | D:2      | Noticed Crazy Yiuf
  2175 | D:2      | Slain by Crazy Yiuf

Levels and vault maps discovered:
D:1:      tarquinn_simple_flora_water_e, layout_rooms
D:2:      layout_loops_ring, uniq_robin, uniq_crazy_yiuf_cottage

Skill      XL: |  1  2  3  4 |
---------------+-------------+-----
Fighting       | 4 |  4.7
Armour         | 1 2 |  2.2
Axes           | 5 |  5.2
Dodging        | |  2.5
Stealth        | |  1.5

Action                   |  1- 3 |  4- 6 || total
-------------------------+-------+-------++-------
Melee: Hand axe          |    65 |    93 ||   158
Throw: Stone             |    10 |     1 ||    11
  Use: Scroll            |       |     3 ||     3
 Stab: Sleeping          |       |     2 ||     2
  Eat: Chunk             |       |     3 ||     3
       Ration            |       |     1 ||     1
Armor: Robe              |    15 |    18 ||    33
Dodge: Dodged            |    52 |    52 ||   104

Table legend:
 A = Non-vault XP
 B = Vault XP
 C = Vault XP percentage of total XP
 D = Non-vault monster count
 E = Vault monster count
 F = Vault count percentage of total count
                 A         B        C        D         E       F
            +---------+---------+-------+---------+---------+-------
      Total |     110 |      36 |  24.7 |      40 |      11 |  21.6
            +---------+---------+-------+---------+---------+-------
        D:1 |      51 |      36 |  41.4 |      21 |      11 |  34.4
        D:2 |      59 |       0 |   0.0 |      19 |       0 |   0.0
            +---------+---------+-------+---------+---------+-------
